 Dungeon Crawl Stone Soup version 0.21.1-1-g345015f (webtiles) character file.

350 Fang the Skirmisher (level 6, -9/60 HPs)
             Began as a Gargoyle Berserker on June 5, 2018.
             Was a Priest of Trog.
             Killed by divine providence
             ... invoked by an orc priest
              (18 damage)
             ... on level 4 of the Dungeon on June 6, 2018.
             The game lasted 00:04:09 (3191 turns).

Fang the Skirmisher (Gargoyle Berserker)            Turns: 3191, Time: 00:04:09

Health: -9/60      AC:  6    Str: 27    XL:     6   Next: 60%
Magic:  6/6        EV: 12    Int:  8    God:    Trog [***...]
Gold:   133        SH:  0    Dex:  9    Spells: 5/5 levels left

rFire    . . .     SeeInvis .   a - +0 hand axe
rCold    . . .     Gourm    .   (no shield)
rNeg     + . .     Faith    .   b - +0 animal skin
rPois    ∞         Spirit   .   (no helmet)
rElec    +         Reflect  .   (no cloak)
rCorr    .         Harm     +   (no gloves)
MR       .....                  (no boots)
Stlth    ..........             f - amulet of harm (curse)
HPRegen  0.20/turn              (no ring)
MPRegen  0.10/turn              (no ring)

@: berserking, very quick
A: negative energy resistance 1, electricity resistance, unbreathing,
petrification resistance, rot immunity, AC +4
a: Berserk, Trog's Hand, Burn Spellbooks, Renounce Religion


You were on level 4 of the Dungeon.
You worshipped Trog.
Trog was most pleased with you.
You were very hungry.

You visited 1 branch of the dungeon, and saw 4 of its levels.

You collected 133 gold pieces.

Inventory:

Hand Weapons
 a - a +0 hand axe (weapon)
Armour
 b - a +0 animal skin (worn)
Jewellery
 f - a cursed amulet of harm (around neck)
Scrolls
 e - a scroll of noise {unknown}
 h - a scroll of amnesia {unknown}
 k - a scroll of fog {unknown}
 l - 2 scrolls of identify {unknown}
 m - a scroll of teleportation {unknown}
 n - a scroll of enchant armour {unknown}
 p - a scroll of enchant weapon {unknown}
Potions
 d - 2 potions of curing {unknown}
 g - 3 potions of berserk rage {unknown}
 i - a potion of heal wounds {unknown}
 j - a potion of flight {unknown}
Comestibles
 c - 8 rations


   Skills:
 + Level 4.9 Fighting
 + Level 4.8 Axes
 + Level 2.2 Armour
 + Level 2.9 Dodging
 + Level 1.0 Stealth


You had 5 spell levels left.
You didn't know any spells.

Dungeon Overview and Level Annotations

Branches:
Dungeon (4/15)
 Temple: D:4-7

Altars:
Kikubaaqudgha
Nemelex Xobeh
Sif Muna
Xom
Zin


Innate Abilities, Weirdness & Mutations

You are resistant to torment.
Your stone body is resilient. (AC +4)
You are immune to poison.
You resist negative energy. (rN+)
You are resistant to electric shocks. (rElec)
You can survive without breathing.
You are immune to petrification.
You are immune to rotting.


Message History

* * * LOW HITPOINT WARNING * * *
Unknown command.
You hit the orc priest.
The orc priest is lightly wounded.
You hit the iguana. The iguana closely misses you.
Unknown command.
You hit the orc priest.
The orc priest is lightly wounded.
You hit the iguana. The orc priest closely misses you. The iguana misses you.
Unknown command.
You barely miss the orc priest.
The orc priest is lightly wounded.
You slash the iguana!
You feel the power of Trog in you as your rage grows.
You kill the iguana!
Trog accepts your kill.
Your Stealth skill increases to level 1!
The orc priest calls down the wrath of Beogh upon you.
Beogh smites you!
You die...

#..(...............
#..................
#>..<..............
#............##....
#............##.... .
#.............#.... ...
#.............#....
.....##'#######...##....
......)@......#...##....
.......o......#...######
..............#.........
..............#.........
.............)######....
............... #....
#####.......... #....
#.......... #.... #....


You could see an orc priest.

Vanquished Creatures
  An orc wizard (D:4)
  An orc priest (D:4)
  Crazy Yiuf (D:3)
  2 iguanas (D:4)
  2 worker ants
  A hound skeleton (D:2)
  5 adders
  3 worms
  A dart slug (D:1)
  2 leopard geckos
  5 orcs
  3 giant cockroaches
  15 goblins
  12 hobgoblins
  7 jackals (D:2)
  3 quokkas (D:2)
  4 bats
  3 frilled lizards
  9 kobolds
  11 rats
91 creatures vanquished.

Notes
Turn   | Place    | Note
-------+----------+-------------------------------------------
     0 | D:1      | Fang the Gargoyle Berserker began the quest for the Orb.
     0 | D:1      | Reached XP level 1. HP: 14/14 MP: 1/1
   103 | D:1      | Reached XP level 2. HP: 17/20 MP: 2/2
   241 | D:1      | Reached ** piety under Trog
   241 | D:1      | Reached XP level 3. HP: 24/24 MP: 3/3
  1008 | D:2      | Reached XP level 4. HP: 24/30 MP: 4/4
  1751 | D:3      | Reached XP level 5. HP: 26/34 MP: 5/5
  1905 | D:3      | Reached *** piety under Trog
  1946 | D:3      | Found an ancient bone altar of Kikubaaqudgha.
  1970 | D:3      | Found a shimmering altar of Xom.
  1972 | D:3      | Noticed an angel
  1975 | D:3      | Found a glowing silver altar of Zin.
  2161 | D:3      | Found a runed door.
  2381 | D:3      | Found a sparkling altar of Nemelex Xobeh.
  2496 | D:3      | Found a deep blue altar of Sif Muna.
  2779 | D:3      | Noticed Crazy Yiuf
  2786 | D:3      | Killed Crazy Yiuf
  2892 | D:4      | Reached XP level 6. HP: 23/40 MP: 6/6
  3191 | D:4      | Reached skill level 1 in Stealth
  3191 | D:4      | Killed from afar by an orc priest

Skill      XL: |  1  2  3  4  5  6 |
---------------+-------------------+-----
Axes           | 3 4 |  4.8
Fighting       | 4 |  4.9
Dodging        | 2 |  2.9
Stealth        | 1 |  1.0
Armour         | |  2.2

Action                   |  1- 3 |  4- 6 || total
-------------------------+-------+-------++-------
Melee: Hand axe          |    97 |   182 ||   279
Invok: Berserk           |       |     3 ||     3
  Eat: Chunk             |       |     9 ||     9
Armor: Animal skin       |    33 |    50 ||    83
Dodge: Dodged            |    83 |   133 ||   216
